 Dungeon Crawl Stone Soup version 0.29.1-15-g9cfb28693d (webtiles) character file.

Game seed: 16940988561494405505

165902 PhantomBowie the Tortoise (level 17, 0/163 HPs)
             Began as a Minotaur Fighter on Mar 19, 2023.
             Was the Champion of Okawaru.
             Blown up by an orb spider (54 damage)
             ... with an orb of destruction
             ... on level 4 of the Spider Nest on May 17, 2023.
             The game lasted 02:39:10 (37192 turns).

PhantomBowie the Tortoise (Minotaur Fighter)       Turns: 37192, Time: 02:39:11

Health: 0/163      AC: 31    Str: 31      XL:     17   Next: 28%
Magic:  6/32       EV: 13    Int:  7      God:    Okawaru [******]
Gold:   2757       SH: 16    Dex:  7 (11) Spells: 16/16 levels left

rFire   + . .      SeeInvis .   a - +10 eveningstar of the Extremes {vorpal, rC+ Will++}
rCold   + + .      Faith    .   c - +3 kite shield "Zypsawn" {rN+ Str+2}
rNeg    + . .      Spirit   .   Q - +2 plate armour {rPois}
rPois   +          Reflect  .   X - +1 hat of Zeghuacash {rC+ Slay+2}
rElec   .          Harm     .   e - +0 cloak
rCorr   .          Rampage  .   P - +1 pair of gloves of Cleverly Designed Joy {rPois Dex+3 Stlth+}
Will    +++..                   Z - +0 pair of boots of the Arcane {MP+9 Int+2 Dex-5 Slay+3}
Stlth   ..........              (no amulet)
HPRegen 0.37/turn               M - +4 ring of evasion
MPRegen 0.23/turn               v - ring "Tobberph" {rF+ AC+4 Dex+3}

@: lethally poisoned (0 -> 0), studying Transmutations, very slow
A: horns 2, retaliatory headbutt
a: Renounce Religion, Heroism, Finesse, Duel


You were on level 4 of the Spider Nest.
You worshipped Okawaru.
Okawaru was exalted by your worship.
You visited 5 branches of the dungeon, and saw 27 of its levels.
You also visited: Sewer, Ossuary and Gauntlet.

You collected 2815 gold pieces.
You spent 58 gold pieces at shops.

Inventory:

Hand Weapons
 a - the +10 eveningstar of the Extremes (weapon) {vorpal, rC+ Will++}
   (You found it in a Gauntlet)

   It inflicts extra damage upon your enemies.
   rC:        It protects you from cold.
   Will:      It greatly increases your willpower.
Armour
 c - the +3 kite shield "Zypsawn" (worn) {rN+ Str+2}
   (You found it in a Gauntlet)

   Str:       It affects your strength (+2).
   rN:        It protects you from negative energy.
 e - a +0 cloak (worn)
 P - the +1 pair of gloves of Cleverly Designed Joy (worn) {rPois Dex+3 Stlth+}
   (You found it on level 10 of the Dungeon)

   Dex:       It affects your dexterity (+3).
   rPois:     It protects you from poison.
   Stlth:     It makes you more stealthy.
 Q - a +2 plate armour of poison resistance (worn)
 X - the +1 hat of Zeghuacash (worn) {rC+ Slay+2}
   (Okawaru gifted it to you on level 5 of the Lair of Beasts)

   Slay:      It affects your accuracy & damage with ranged weapons and melee
   (+2).
   rC:        It protects you from cold.
 Z - the +0 pair of boots of the Arcane (worn) {MP+9 Int+2 Dex-5 Slay+3}
   (You found it in a Gauntlet)

   Int:       It affects your intelligence (+2).
   Dex:       It affects your dexterity (-5).
   Slay:      It affects your accuracy & damage with ranged weapons and melee
   (+3).
   MP:        It affects your magic capacity (+9).
Jewellery
 j - a ring of willpower
 v - the ring "Tobberph" (right hand) {rF+ AC+4 Dex+3}
   (You found it in a Gauntlet)

   [ring of protection]

   AC:        It affects your AC (+4).
   Dex:       It affects your dexterity (+3).
   rF:        It protects you from fire.
 w - a ring of resist corrosion
 A - a ring of willpower
 L - a +6 ring of strength
 M - a +4 ring of evasion (left hand)
Wands
 g - a wand of light (40)
 r - a wand of polymorph (13)
 H - a wand of flame (116)
 I - a wand of mindburst (23)
 U - a wand of roots (12)
Scrolls
 f - a scroll of acquirement {unknown}
 k - 3 scrolls of enchant armour
 l - 5 scrolls of enchant weapon
 p - 11 scrolls of teleportation
 q - 6 scrolls of poison
 t - 3 scrolls of noise
 u - 3 scrolls of brand weapon
 y - 7 scrolls of magic mapping
 z - 5 scrolls of silence
 F - a scroll of vulnerability {unknown}
 G - a scroll of torment {unknown}
 J - 4 scrolls of immolation
 K - 3 scrolls of blinking
 S - 3 scrolls of fear {unknown}
 T - 4 scrolls of butterflies {unknown}
Potions
 b - a potion of cancellation {unknown}
 d - 8 potions of might
 h - 10 potions of curing
 i - 4 potions of lignification
 m - 11 potions of heal wounds
 n - 5 potions of flight
 o - 2 potions of magic
 s - 3 potions of degeneration {unknown}
 x - 4 potions of attraction
 B - 3 potions of resistance
 E - 9 potions of mutation
 N - 2 potions of invisibility
 V - 2 potions of berserk rage {unknown}
 W - 5 potions of haste
 Y - 2 potions of ambrosia


   Skills:
 + Level 17.6 Fighting
 + Level 17.5 Maces & Flails
 + Level 17.7 Armour
 + Level 6.8 Dodging
 + Level 17.6 Shields
 - Level 10.2 Invocations
 - Level 6.0 Evocations


You had 16 spell levels left.
You didn't know any spells.
Your spell library contained the following spells:

 Spells                   Type           Power      Damage    Failure   Level
 Apportation              Tloc           0%         N/A       97%         1
 Beastly Appendage        Tmut           0%         N/A       97%         1
 Freeze                   Ice            0%         1d3       97%         1
 Poisonous Vapours        Pois/Air       0%         N/A       99%         2
 Scorch                   Fire           0%         2d5       99%         2
 Wereblood                Tmut           0%         N/A       99%         2
 Confusing Touch          Hex            0%         N/A       100%        3
 Frozen Ramparts          Ice            0%         1d1       100%        3
 Gell's Gravitas          Tloc           0%         N/A       100%        3
 Lesser Beckoning         Tloc           0%         N/A       100%        3
 Spider Form              Tmut/Pois      0%         N/A       100%        3
 Teleport Other           Tloc           0%         N/A       100%        3
 Corpse Rot               Necr/Pois/Air  0%         N/A       100%        4
 Flame Wave               Conj/Fire      0%         2d4       100%        4
 Hailstorm                Conj/Ice       0%         3d3       100%        4
 Passage of Golubria      Tloc           0%         N/A       100%        4
 Alistair's Intoxication  Tmut/Pois      0%         N/A       100%        5
 Yara's Violent Unravell  Hex/Tmut       0%         3d3       100%        5
 Enfeeble                 Hex            0%         N/A       100%        7
 Borgnjor's Revivificati  Necr           0%         N/A       100%        8
 Necromutation            Tmut/Necr      0%         N/A       100%        8
 Death's Door             Necr           0%         N/A       100%        9
 Tukima's Dance           Hex            Unusable   N/A       N/A         3
 Summon Cactus Giant      Summ           Unusable   N/A       N/A         6

Dungeon Overview and Level Annotations

Branches:
Dungeon (15/15)            Temple (1/1) D:6            Lair (5/5) D:11
 Shoals (0/4) Lair:2       Spider (4/4) Lair:2        Slime (0/5) Lair:4
    Orc (2/2) D:11            Elf (0/3) Orc:2        Vaults (0/5) D:14
 Depths (0/4) D:15          Sewer (visited)         Ossuary (visited)
Gauntlet (visited)

Altars:
Ashenzari
Cheibriados
Dithmenos
Elyvilon
Fedhas
Gozag
Hepliaklqana
Kikubaaqudgha
Makhleb
Nemelex Xobeh
Okawaru
Qazlal
Ru
Sif Muna
Trog
Uskayaw
Vehumet
Wu Jian
Xom
Yredelemnul
Zin
The Shining One
Jiyva

Shops:
D:4 =   D:7 *=[(*   D:12 *   Orc:2 *(*

Portals:
Pandemonium: Orc:2
Trove: D:14 (give dreamshard necklace)

Annotations:
D:8 1 runed translucent door, AverageBear's ghost, novice DsFi
D:15 3 runed translucent doors


Innate Abilities, Weirdness & Mutations

You have a pair of horns on your head.
You reflexively headbutt those who attack you in melee.


Message History

You impale the hornet!!
You kill the hornet!
Okawaru accepts your kill.
The hornet evades a web.
You puncture the hornet! You headbutt the hornet!
The hornet is almost dead.
You block the hornet's attack. x3
You miss the hornet. Your headbutt misses the hornet.
The hornet is almost dead.
The hornet stings you!
You are poisoned.
The hornet stings you but does no damage.
You completely miss the hornet.
The hornet is almost dead.
You feel sick. You block the hornet's attack. The hornet barely misses you.
Unknown command.
You hit the hornet.
You kill the hornet!
Okawaru accepts your kill.
You feel sick. The hornet closely misses you.
You sock the hornet!
The hornet is moderately wounded.
You feel sick. The hornet stings you!
You feel yourself slow down. You block the hornet's attack.
You impale the hornet!!
You kill the hornet!
Okawaru accepts your kill.
You feel sick.
The orb spider spins a strand of pure energy.
You feel sick.
The orb spider weaves a glowing orb of energy.
An orb of destruction comes into view.
You feel yourself speed up.
You feel sick.
You enter the shallow water.
Moving in this stuff is going to be slow.
You feel sick.
The orb spider spins a strand of pure energy.
The orb of destruction hits you!!!
You die...

~..~~~..#
############.~~~~^.~##
~..~~#### #### #####.~~~~.###
#~..~~# +.°. ..!##..#~.~#
##~~..## #[s○ ..!#####^..#
####~.~### #..○##[.!# ##~†~##
####~..~~## #○†# ##..~##
..~##~...~# #☼.## #~..~#
.~~~~~~..~#####.☼~# ##....###
###~~~#~..~#~~##@.###~...##.##
######.~...^##..##~..~~~~.^#
###~^~..~..~^.†.#~~~...#
#####~....#######~~### #~.~###
#### #####


You could see an orb spider (charged).

Vanquished Creatures
  Mlioglotl (Spider:3)
  4 ghost moths
  2 emperor scorpions (Spider:4)
  Aizul (Spider:3)
  A broodmother (Spider:3)
  4 entropy weavers
  Azrael (Spider:3)
  A minotaur (Gauntlet)
  2 spark wasps
  A dire elephant (D:15)
  A fire dragon (Lair:5)
  6 hydras
  A vault guard (D:14)
  Harold (Lair:2)
  8 boulder beetles
  3 jorogumos
  6 centaur warriors
  A catoblepas (D:12)
  An anaconda (D:9)
  3 two-headed ogres
  3 demonspawn (Orc:2)
  3 radroaches
  11 death yaks
  3 tengu warriors
  2 death knights (D:14)
  7 orc high priests
  3 pharaoh ants
  7 steelbarb worms
  2 sun moths
  7 orb spiders
  A wizard (D:14)
  4 orc knights (Orc:2)
  A lindwurm (Lair:5)
  6 deep elf pyromancers
  20 wolf spiders
  20 ugly things
  5 manticores
  7 orc sorcerers
  6 cyclopes
  A naga mage (D:15)
  6 black mambas (Lair:5)
  5 moths of wrath
  5 elephants (Lair:4)
  A rust devil (Orc:2)
  4 torpor snails
  A black mamba (shapeshifter) (D:15)
  8 cane toads
  7 orange demons
  A cane toad (shapeshifter) (D:14)
  2 molten gargoyles (Lair:5)
  Maggie (D:6)
  3 gargoyles
  2 rime drakes
  5 demonic crawlers
  8 komodo dragons
  2 yaktaurs
  An efreet (D:14)
  3 freezing wraiths
  A tengu conjurer (D:14)
  A hellwing (Orc:2)
  7 red devils
  8 trolls
  3 meliai (D:15)
  2 polar bears
  A tarantella (shapeshifter) (D:12)
  A wolf spider simulacrum (D:15)
  31 tarantellas
  8 hornets
  11 blink frogs
  13 slime creatures
  12 flying skulls (Gauntlet)
  27 jumping spiders
  31 culicivoras
  8 wyverns
  41 yaks
  A shadow (D:13)
  3 vampires
  6 wraiths
  3 fire elementals (Spider:3)
  8 basilisks
  57 redbacks
  A neqoxec (Orc:2)
  11 vampire mosquitoes
  5 steam dragons
  A warg (Orc:2)
  A swamp worm (shapeshifter) (D:12)
  Duvessa (D:5)
  10 water moccasins
  5 hell hounds
  A sky beast (D:8)
  30 orc warriors
  4 ice beasts
  4 black bears
  7 centaurs
  10 boggarts
  16 wolves
  3 ogres (D:11)
  3 phantoms
  6 kobold brigands
  A gnoll sergeant (D:8)
  11 bullfrogs
  2 necrophages
  4 scorpions
  2 wights (Ossuary)
  Dowan (D:5)
  3 vampire bats (Lair:5)
  9 killer bees
  2 electric eels
  2 howler monkeys
  5 lava snakes (Lair:5)
  A crimson imp (D:8)
  28 orc priests
  7 jellies
  2 hounds
  An iguana (D:6)
  Natasha (twice) (D:2)
  Ijyb (D:3)
  16 orc wizards
  Robin (D:3)
  9 gnolls
  7 river rats
  13 adders
  A shadow imp (D:6)
  A white imp (D:7)
  An adder zombie (Ossuary)
  2 worms
  2 dart slugs (D:3)
  82 orcs
  14 ball pythons
  10 bats
  8 endoplasms
  4 giant cockroaches
  22 goblins
  13 hobgoblins
  7 jackals
  7 quokkas
  8 frilled lizards
  A hobgoblin skeleton (Ossuary)
  A hobgoblin zombie (Ossuary)
  30 kobolds
  A kobold zombie (Ossuary)
  5 orc zombies (Ossuary)
  30 rats
1016 creatures vanquished.

Vanquished Creatures (others)
  An orb spider (Spider:4)
  An orc (D:11)
  57 fungi
  65 plants
124 creatures vanquished.

Grand Total: 1140 creatures vanquished

Notes
Turn   | Place    | Note
-------+----------+-------------------------------------------
     0 | D:1      | PhantomBowie the Minotaur Fighter began the quest for the
                  | Orb.
     0 | D:1      | Reached XP level 1. HP: 19/19 MP: 0/0
   288 | D:1      | Reached XP level 2. HP: 26/27 MP: 1/1
   784 | D:1      | Reached XP level 3. HP: 33/33 MP: 2/2
  1282 | D:2      | Noticed Natasha
  1286 | D:2      | Killed Natasha
  1287 | D:2      | Reached XP level 4. HP: 39/41 MP: 3/3
  1526 | D:2      | Noticed Natasha
  1531 | D:2      | Killed Natasha
  1745 | D:3      | Noticed Ijyb
  1755 | D:3      | Killed Ijyb
  1756 | D:3      | Reached XP level 5. HP: 47/47 MP: 4/4
  2222 | D:3      | Noticed Robin
  2229 | D:3      | Killed Robin
  2230 | D:3      | Reached skill level 5 in Fighting
  2230 | D:3      | Reached skill level 5 in Shields
  2370 | D:3      | Reached skill level 5 in Armour
  2571 | D:3      | Found a faded altar of an unknown god.
  2626 | D:3      | Found a glowing golden altar of the Shining One.
  2780 | D:3      | Found a hazy altar of Hepliaklqana.
  3025 | D:3      | Reached XP level 6. HP: 43/56 MP: 5/5
  3566 | D:4      | Found a glowing silver altar of Zin.
  3960 | D:4      | Found a glowing drain.
  4000 | Sewer    | Entered a sewer
  4505 | Sewer    | Reached XP level 7. HP: 62/62 MP: 6/6
  4541 | Sewer    | Reached skill level 5 in Maces & Flails
  4926 | D:4      | Found Mubry's Jewellery Shop.
  5347 | D:5      | Entered Level 5 of the Dungeon
  5487 | D:5      | Noticed Dowan
  5488 | D:5      | Noticed Duvessa
  5507 | D:5      | Killed Duvessa
  5531 | D:5      | Killed Dowan
  5866 | D:5      | Reached XP level 8. HP: 71/71 MP: 7/7
  6559 | D:6      | Noticed Maggie
  6576 | D:6      | Killed Maggie
  6610 | D:6      | Found a staircase to the Ecumenical Temple.
  6623 | Temple   | Entered the Ecumenical Temple
  6634 | Temple   | Became a worshipper of Warmaster Okawaru
  7156 | D:6      | Reached XP level 9. HP: 72/81 MP: 8/8
  7330 | D:6      | Found a broken altar of Ashenzari.
  7518 | D:7      | Found Babireic's Antique Armour Shop.
  7651 | D:7      | Reached skill level 1 in Evocations
  7708 | D:7      | Reached * piety under Okawaru
  7716 | D:7      | Found Rueky's Jewellery Boutique.
  7751 | D:7      | Found Wom Xuonya's General Store.
  7790 | D:7      | Found a sand-covered staircase.
  7799 | Ossuary  | Entered an ossuary
  8515 | D:7      | Found Tevaxit's Antique Weapon Shoppe.
  8733 | D:7      | Found the +8 lance "Wyrmbane" {slay drac, rPois rF+ rC+
                  | AC+3}
  8807 | D:7      | Found Ixaw's General Store.
  8816 | D:7      | Bought a scroll of identify for 26 gold pieces
  9223 | D:8      | Paralysed by a hornet for 3 turns
  9229 | D:8      | Reached ** piety under Okawaru
  9581 | D:8      | Found a burning altar of Makhleb.
  9622 | D:8      | Reached XP level 10. HP: 89/91 MP: 9/9
 10348 | D:8      | Found a runed translucent door.
 10350 | D:8      | Noticed AverageBear's ghost (novice DsFi)
 10351 | D:8      | Identified the +4 spear "Gaupopp" {drain, rElec Int+5}
 10535 | D:9      | Noticed a two-headed ogre
 10536 | D:9      | Noticed an anaconda
 10536 | D:9      | a two-headed ogre changed into an anaconda
 10548 | D:9      | Killed an anaconda
 10548 | D:9      | Reached *** piety under Okawaru
 10704 | D:9      | Noticed a two-headed ogre
 10712 | D:9      | Killed a two-headed ogre
 10726 | D:9      | Reached **** piety under Okawaru
 10736 | D:8      | Reached skill level 10 in Fighting
 10742 | D:8      | Reached skill level 10 in Armour
 10742 | D:8      | Reached skill level 10 in Shields
 11236 | D:9      | Found a shimmering blue altar of Sif Muna.
 11345 | D:9      | Reached skill level 10 in Maces & Flails
 11353 | D:9      | Reached XP level 11. HP: 95/101 MP: 10/10
 11484 | D:9      | Found an ornate altar of the Wu Jian Council.
 11484 | D:9      | Found a shimmering altar of Xom.
 11727 | D:10     | Entered Level 10 of the Dungeon
 11792 | D:10     | Identified the +1 pair of gloves of Cleverly Designed Joy
                  | {rPois Dex+3 Stlth+}
 11834 | D:10     | Reached skill level 5 in Evocations
 11845 | D:10     | Reached ***** piety under Okawaru
 13290 | D:11     | Received a gift from Okawaru
 13511 | D:11     | Found a staircase to the Lair.
 13770 | D:10     | Reached skill level 1 in Invocations
 14062 | D:11     | Noticed a two-headed ogre
 14075 | D:11     | Killed a two-headed ogre
 14075 | D:11     | Received a gift from Okawaru
 14076 | D:11     | Reached XP level 12. HP: 102/110 MP: 12/12
 14132 | D:11     | Found a staircase to the Orcish Mines.
 14417 | Lair:1   | Entered Level 1 of the Lair of Beasts
 14832 | Lair:1   | Noticed a six-headed hydra
 14851 | Lair:1   | Killed a six-headed hydra
 15702 | Lair:2   | Found a hole to the Spider Nest.
 15722 | Lair:2   | Noticed Harold
 15741 | Lair:2   | Killed Harold
 15897 | Lair:2   | Found a staircase to the Shoals.
 16616 | Lair:3   | Received a gift from Okawaru
 17679 | Lair:4   | Found a viscous altar of Jiyva.
 17680 | Lair:4   | Found a staircase to the Slime Pits.
 17828 | Lair:4   | Noticed a death yak
 17829 | Lair:4   | Noticed a death yak
 17846 | Lair:4   | Killed a death yak
 17848 | Lair:4   | Noticed a death yak
 17850 | Lair:4   | Noticed a death yak
 17852 | Lair:4   | Noticed a death yak
 17854 | Lair:4   | Noticed a death yak
 17872 | Lair:4   | Killed a death yak
 17872 | Lair:4   | Reached ****** piety under Okawaru
 17890 | Lair:3   | Killed a death yak
 17891 | Lair:3   | Reached skill level 5 in Invocations
 18154 | Lair:4   | Reached XP level 13. HP: 108/119 MP: 15/15
 18698 | Lair:4   | Identified the +3 scale mail "Suenoroca" {Rampage Regen+
                  | Dex+3}
 19791 | Lair:5   | Entered Level 5 of the Lair of Beasts
 19803 | Lair:5   | Identified the +4 hand axe "Pyepleos" {freeze, rF+ Str+6}
 19928 | Lair:5   | Received a gift from Okawaru
 21314 | Lair:5   | Identified the +1 hat of Zeghuacash {rC+ Slay+2} (Okawaru
                  | gifted it to you on level 5 of the Lair of Beasts)
 21314 | Lair:5   | Received a gift from Okawaru
 21679 | Lair:5   | Reached XP level 14. HP: 67/132 MP: 18/18
 21920 | Lair:5   | Found a large runed translucent door.
 21922 | Lair:5   | Found a large runed translucent door.
 22336 | Orc:1    | Entered Level 1 of the Orcish Mines
 22431 | Orc:1    | Paralysed by an orc sorcerer for 2 turns
 23347 | Orc:2    | Entered Level 2 of the Orcish Mines
 23585 | Orc:2    | Found a gate leading to a gauntlet.
 23727 | Gauntlet | Entered a Gauntlet
 23727 | Gauntlet | Found a transporter.
 23736 | Gauntlet | Found a transporter.
 23754 | Gauntlet | Found a transporter.
 23755 | Gauntlet | Found a transporter.
 23775 | Gauntlet | Found a transporter.
 23788 | Gauntlet | Found a transporter.
 23801 | Gauntlet | Found a transporter.
 23819 | Gauntlet | Found a transporter.
 23823 | Gauntlet | Found a transporter.
 23831 | Gauntlet | Found a transporter.
 23928 | Gauntlet | Identified the ring of Irain {Drain Will++ rCorr Stlth+}
 23949 | Gauntlet | Identified the ring "Tobberph" {rF+ AC+4 Dex+3}
 23982 | Gauntlet | Identified the +0 pair of boots of the Arcane {MP+9 Int+2
                  | Dex-5 Slay+3}
 24159 | Gauntlet | Identified the +0 ring mail "Huryci" {Str-3 Int-5 Slay+5
                  | SInv}
 24159 | Gauntlet | Identified the +3 kite shield "Zypsawn" {rN+ Str+2}
 24159 | Gauntlet | Identified the +10 eveningstar of the Extremes {vorpal, rC+
                  | Will++}
 24378 | Orc:2    | Found a staircase to the Elven Halls.
 24541 | Orc:2    | Found Gujufuam's General Store.
 24580 | Orc:2    | Found Peanulobb's General Store.
 24614 | Orc:2    | Bought a scroll of identify for 32 gold pieces
 25001 | Orc:2    | Received a gift from Okawaru
 25472 | Orc:2    | Found Yloelun's Antique Weapon Boutique.
 25472 | Orc:2    | Found Qeloffevio's Jewellery Shop.
 25472 | Orc:2    | Found a one-way gate leading to the halls of Pandemonium.
 25840 | D:12     | Reached skill level 15 in Armour
 25874 | D:12     | Found Laeriw's General Store.
 25930 | D:12     | Reached skill level 15 in Shields
 26053 | D:12     | Reached skill level 15 in Fighting
 26477 | D:12     | Received a gift from Okawaru
 26478 | D:12     | Reached skill level 15 in Maces & Flails
 26478 | D:12     | Reached XP level 15. HP: 141/141 MP: 20/20
 28712 | D:14     | Found a portal to a secret trove of treasure.
 28993 | D:14     | Received a gift from Okawaru
 29051 | D:14     | Found a gate to the Vaults.
 29233 | D:15     | Entered Level 15 of the Dungeon
 29646 | D:15     | Reached skill level 10 in Invocations
 29710 | D:15     | Found a staircase to the Depths.
 30208 | D:15     | Found a runed translucent gate.
 30208 | D:15     | Found a runed translucent gate.
 30209 | D:15     | Found a runed translucent gate.
 30876 | Spider:1 | Entered Level 1 of the Spider Nest
 30906 | Lair:2   | Reached skill level 1 in Dodging
 31421 | Lair:2   | Reached XP level 16. HP: 139/151 MP: 22/22
 31761 | Spider:1 | Identified the +2 eveningstar "Ulolow" {vorpal, rC++ MP+9
                  | Int+9} (Okawaru gifted it to you on level 1 of the Spider
                  | Nest)
 31761 | Spider:1 | Received a gift from Okawaru
 32473 | Spider:1 | Identified the +8 short sword of Engezade {vorpal, *Slow
                  | rPois rF+++ Will-}
 32984 | Spider:2 | Identified the +7 arbalest "Ijog" {penet, rElec rC- Dex+8
                  | Stlth-}
 33547 | Spider:3 | Identified the +0 pair of gloves of Qoenwor {Rampage
                  | *Corrode Will+++ Int-3} (Okawaru gifted it to you on level
                  | 3 of the Spider Nest)
 33547 | Spider:3 | Received a gift from Okawaru
 33603 | Spider:3 | Noticed Azrael
 33626 | Spider:3 | Killed Azrael
 34134 | Spider:3 | Noticed Mlioglotl
 34159 | Spider:3 | Noticed a lich
 34167 | Spider:3 | Killed Mlioglotl
 34178 | Spider:3 | Reached skill level 5 in Dodging
 34570 | Spider:3 | Noticed Aizul
 34579 | Spider:3 | Killed Aizul
 34719 | Spider:4 | Entered Level 4 of the Spider Nest
 35917 | Spider:4 | Received a gift from Okawaru
 36173 | Spider:4 | Reached XP level 17. HP: 161/161 MP: 23/23
 37161 | Spider:4 | Received a gift from Okawaru
 37177 | Spider:4 | Paralysed by a hornet for 1 turns
 37192 | Spider:4 | Blown up by an orb spider

Illustrated notes

Levels and vault maps discovered:
D:1:      lemuel_arrival_rhombus, layout_loops_ring, minivault_19,
          chequers_serial_rivers_small_a
D:2:      layout_basic, hangedman_decor_growths, minmay_close_crescents,
          uniq_natasha
D:3:      minmay_razor_zed, layout_basic, tso_metal_star,
          lemuel_coloured_pillars_altar, ebering_ecumenical_altar_petrified,
          kennysheep_generic_room_14, uniq_ijyb, uniq_robin
D:4:      layout_basic, old_standard_altar, serial_shops, nicolae_stop_n_shop_1,
          portal_sewer_entry_e
D:5:      mumra_celtic_spiral_tile, layout_basic, uniq_duvessa
D:6:      layout_basic, lemuel_doored_altar, minmay_temple_entry_junction,
          serial_aquarium, aquarium_bridge_island_small
          [aquarium_subvault_small_water, aquarium_subvault_bridge,
          aquarium_subvault_bridge, aquarium_subvault_bridge,
          aquarium_subvault_balcony], aquarium_bridge_square
          [aquarium_subvault_balcony, aquarium_subvault_bridge,
          aquarium_subvault_bridge, aquarium_subvault_wall],
          aquarium_window_fake, aquarium_window_2, aquarium_window_fake,
          aquarium_view_2a, aquarium_view_2f, aquarium_pool_2, uniq_maggie
D:7:      layout_basic, lightli_ossuary_entry_decrepit_ruins, serial_shops,
          shop, shop, nicolae_shop_behind_doors, nicolae_diamond_shop,
          nicolae_shop_crystal
D:8:      layout_basic, makhleb_grotto_becter, ebering_ghost_funeral_grove
D:9:      layout_long_grid, gammafunk_temple_overflow_wave,
          nicolae_sif_muna_condensation, nicolae_concentric_dashed_squares_mild,
          minivault_4, minmay_misc_feat_iff
D:10:     layout_roguey, minmay_beelzebubs_servants
D:11:     layout_cave_pools, due_lair_maze_entry_diamond,
          kennysheep_orc_monster_closet_entryway
D:12:     layout_loops_ring, serial_shops, shop, st_stairs_10, minivault_28
D:13:     layout_basic
D:14:     layout_irregular_city, david_vaults_5, enter_trove_1,
          minmay_misc_feat_diagonals
D:15:     hangedman_depths_entry_try_elsewhere_first, layout_loops_ring,
          ploomutoo_gammafunk_ghost_potion_laboratory,
          minmay_misc_feat_enclosed, einodemon_armed_red_devil_minivault
Temple:   nicolae_temple_great_sept
Lair:1:   layout_cave_pods
Lair:2:   layout_regular_city, shoals_dummy_entry, dummy_spider_entry,
          uniq_harold
Lair:3:   layout_long_grid, serial_bayou_shore_b
Lair:4:   layout_roguey, nicolae_slime_entry_slimehenge, serial_bayou_lake_a,
          infiniplex_staircase_pool_2
Lair:5:   cheibrodos_lair_end_hotspot, layout_regular_city, roderic_batcave
Spider:1: layout_spider_delve, nicolae_spider_shape
Spider:2: layout_spider_delve, nicolae_spider_checkerboard
Spider:3: layout_spider_delve, uniq_mlioglotl, uniq_aizul, uniq_azrael
Spider:4: spider_rune_water, drop_trap
Orc:1:    layout_caves
Orc:2:    pf_orc_diabolical, layout_caves, gauntlet_entry_generic,
          hellmonk_bongcloud_opening

Skill      XL: |  1  2  3  4  5  6  7  8  9 10 11 12 13 14 15 16 |
---------------+-------------------------------------------------+-----
Shields        | 4 5 6 7 9 10 11 12 14 15 16 17 | 17.6
Fighting       | 4 5 6 7 9 10 11 12 14 15 16 17 | 17.6
Armour         | 4 5 6 7 9 10 11 12 14 15 16 17 | 17.7
Maces & Flails | 3 4 6 7 8 10 11 12 13 15 16 17 | 17.5
Evocations     | 3 4 6 |  6.0
Invocations    | 1 5 7 8 10 | 10.2
Dodging        | 1 6 |  6.8

Action                   |  1- 3 |  4- 6 |  7- 9 | 10-12 | 13-15 | 16-18 || total
-------------------------+-------+-------+-------+-------+-------+-------++-------
Melee: Flail             |   101 |   227 |   358 |   368 |       |       ||  1054
       Headbutt          |    11 |    33 |    65 |   168 |   284 |   115 ||   676
       Unarmed           |       |     9 |       |       |       |       ||     9
       Morningstar       |       |       |    35 |       |       |       ||    35
       Demon whip        |       |       |       |   413 |   667 |       ||  1080
       Eveningstar       |       |       |       |       |   531 |   539 ||  1070
Invok: Heroism           |       |       |       |       |       |     1 ||     1
Evoke: Wand              |       |       |       |    10 |       |       ||    10
  Use: Scroll            |       |       |    10 |     7 |     2 |     1 ||    20
       Potion            |       |       |       |     1 |     3 |       ||     4
Armor: Scale mail        |    49 |    96 |    76 |       |       |       ||   221
       Skin              |       |     3 |       |       |       |       ||     3
       Plate armour      |       |       |    79 |   267 |   407 |   275 ||  1028
       Chain mail        |       |       |     6 |       |       |       ||     6
Dodge: Dodged            |    45 |    66 |   142 |   349 |   413 |   240 ||  1255
Block: Buckler           |    19 |    41 |    86 |   180 |   154 |       ||   480
       Kite shield       |       |       |       |       |   323 |   434 ||   757
